 Dungeon Crawl Stone Soup version 0.30-a0-1160-g6e42c06551 (webtiles) character file.

Game seed: 15321893874440390911

108 Newt the Trooper (level 4, 0/37 HPs)
             Began as a Demonspawn Gladiator on Apr 26, 2023.
             Slain by an orc
             ... wielding a +0 flail
              (9 damage)
             ... on level 3 of the Dungeon.
             The game lasted 00:02:03 (1961 turns).

Newt the Trooper (Demonspawn Gladiator)             Turns: 1961, Time: 00:02:04

Health: 0/37       AC:  4    Str: 17    XL:     4   Next: 58%
Magic:  4/4        EV: 13    Int:  9    God:
Gold:   101        SH:  0    Dex: 14    Spells: 3/3 levels left

rFire   . . .        a - +0 rapier
rCold   . . .        (no shield)
rNeg    . . .        b - +0 leather armour
rPois   .            c - +0 helmet
rElec   .            m - scarf {+Inv}
rCorr   .            (no gloves)
SInv    .            (no boots)
Will    .....        (no amulet)
Stlth   +            (no ring)
HPRegen 0.26/turn    (no ring)
MPRegen 0.09/turn

%: no passive effects
@: no status effects
A: weakness stinger 1
a: Evoke Invisibility


You were on level 3 of the Dungeon.
You visited 1 branch of the dungeon, and saw 3 of its levels.

You collected 129 gold pieces.
You spent 28 gold pieces at shops.

Inventory:

Hand Weapons
 a - a +0 rapier (weapon)
Missiles
 d - 3 throwing nets (quivered)
Armour
 b - a +0 leather armour (worn)
 c - a +0 helmet (worn)
 m - a scarf of invisibility (worn)
Scrolls
 i - a scroll of amnesia
 j - a scroll of brand weapon
 l - 2 scrolls of poison
 n - a scroll of magic mapping {unknown}
 o - 2 scrolls of teleportation {unknown}
 p - a scroll of fog {unknown}
 q - a scroll of enchant weapon {unknown}
Potions
 f - 2 potions of flight
 g - a potion of haste
 h - 2 potions of heal wounds
 k - 2 potions of curing {unknown}


   Skills:
 - Level 4.0 Fighting
 - Level 2.6 Short Blades
 - Level 1.7 Throwing
 + Level 3.7 Dodging


You had 3 spell levels left.
You didn't know any spells.
Your spell library was empty.

Dungeon Overview and Level Annotations

Branches:
Dungeon (3/15)

Altars:
Yredelemnul

Shops:
D:2 *


Innate Abilities, Weirdness & Mutations

You have a small tail.


Message History

The orc is moderately wounded.
The orc closely misses you.
The orc throws a boomerang.
The boomerang closely misses you.
The orc throws a boomerang.
The boomerang closely misses you.
You closely miss the orc.
The orc is moderately wounded.
The orc completely misses you.
Throw: javelin
Press: ? - help, Shift-Dir - straight line, f - orc
Aim: an orc, wielding a +0 flail, wearing a +0 ring mail and quivering boomerangs (moderately wounded, 64% to hit)
You throw a javelin. The javelin closely misses the orc.
The javelin hits the orc and shatters for extra damage!
You kill the orc!
The orc barely misses you. The orc hits you with a +0 flail.
Unknown command.
Unknown command.
You completely miss the orc.
The orc is moderately wounded.
The orc barely misses you.
You barely miss the orc.
You tail-slap the orc, but do no damage.
The orc is moderately wounded.
The orc misses you.
You hit the orc but do no damage.
The orc is moderately wounded.
The orc barely misses you.
You barely miss the orc.
Your tail-slap misses the orc.
The orc is moderately wounded.
The orc hits you with a +0 flail.
* * * LOW HITPOINT WARNING * * *
You hit the orc but do no damage.
The orc is moderately wounded.
The orc closely misses you.
You closely miss the orc.
The orc is moderately wounded.
The orc hits you but does no damage.
You hit the orc.
The orc is heavily wounded.
The orc hits you with a +0 flail!
You die...

#########.#.##
####............# #..
.........#..#
#.####.####..#..#
#.##.....##..#†.#
#.#.......#..#..#
#.#.......#.##..#
#....._.....##..#
#####@#.......#.....#
...#o#.......#.##..#
.######.#o##.....##.##..#
.........)####.####.....#
.......#.................
.#####.#...............###
#.######......##### #.
#.###### #. #.#


You could see 2 orcs.

Vanquished Creatures
  5 adders
  A worm (D:2)
  3 dart slugs
  An orc (D:3)
  5 endoplasms
  4 giant cockroaches
  2 goblins
  6 hobgoblins
  2 jackals (D:1)
  2 quokkas
  8 ball pythons
  4 bats
  3 frilled lizards (D:1)
  2 kobolds
  5 rats
53 creatures vanquished.

Notes
Turn   | Place    | Note
-------+----------+-------------------------------------------
     0 | D:1      | Newt the Demonspawn Gladiator began the quest for the Orb.
     0 | D:1      | Reached XP level 1. HP: 16/16 MP: 1/1
   146 | D:1      | Discovered your monstrous ancestry.
   146 | D:1      | Gained mutation: You have a small tail. [demonic ancestry]
   146 | D:1      | Reached XP level 2. HP: 23/23 MP: 2/2
   223 | D:1      | Reached skill level 3 in Fighting
   617 | D:1      | Reached XP level 3. HP: 29/29 MP: 3/3
   774 | D:2      | Found Xeudub's General Store.
   778 | D:2      | Bought a scroll of identify for 28 gold pieces
   910 | D:2      | Reached skill level 4 in Fighting
  1146 | D:2      | Reached XP level 4. HP: 25/37 MP: 4/4
  1914 | D:3      | Found a basalt altar of Yredelemnul.
  1961 | D:3      | Slain by an orc

Illustrated notes

Levels and vault maps discovered:
D:1:      dpeg_arrival_rooms_with_view, layout_basic
D:2:      layout_loops_corners, serial_shops, shop, grunt_ministairs_1
D:3:      layout_loops_ring, trog_book, old_standard_altar

Skill      XL: |  1  2  3 |
---------------+----------+-----
Fighting       | 3 4 |  4.0
Dodging        | 3 |  3.7
Short Blades   | |  2.6
Throwing       | |  1.7

Action                     |  1- 3 |  4- 6 || total
---------------------------+-------+-------++-------
  Melee: Rapier            |   115 |    64 ||   179
         Tailslap          |    12 |     7 ||    19
         Punch             |     2 |     1 ||     3
  Throw: Javelin           |       |     1 ||     1
    Use: Scroll            |     5 |     2 ||     7
   Stab: Sleeping          |     2 |       ||     2
 Armour: Leather armour    |    44 |    17 ||    61
  Dodge: Dodged            |    79 |    47 ||   126

Table legend: (Time is in decaauts)
 A = Elapsed time spent in this place.
 B = Non-inter-level travel time spent in this place.
 C = Inter-level travel time spent in this place.
 D = Time resting spent in this place.
 E = Time spent auto-exploring this place.
 F = Levels seen in this place.
 G = Mean time per level.
                   A        B        C        D        E       F      G
               +--------+--------+--------+--------+--------+-----+--------+
         Total |   1973 |   1892 |     81 |     17 |   1485 |   3 |  657.7 |
       Dungeon |   1973 |   1892 |     81 |     17 |   1485 |   3 |  657.7 |
               +--------+--------+--------+--------+--------+-----+--------+

Top non-repeatable levels by time:
     D:2: 949 daAuts
     D:1: 751 daAuts
     D:3: 272 daAuts
